[Event "*** Titled Tuesday Blitz"]
[Site "Chess.com"]
[Date "2020.02.04"]
[Round "2"]
[White "SantoBlue"]
[Black "AleksanderHnydiuk"]
[Result "1-0"]
[WhiteElo "2830"]
[BlackElo "2557"]
[TimeControl "180+2"]
[EndTime "13:23:30 PST"]
[Termination "SantoBlue won by resignation"]

1. e4 Nf6 2. e5 Nd5 3. d4 d6 4. c4 Nb6 5. exd6 exd6 6. Nc3 Be7 7. Bd3 Nc6 8. Nge2 Bg4 9. f3 Bh5 10. Nf4 Bg6 11. Nxg6 hxg6 12. Be3 Bh4+ 13. Kf1 O-O 14. g3 Bf6 15. h4 Re8 16. Ne4 Bxd4 17. Bxd4 Nxd4 18.
h5 d5 19. cxd5 Nxd5 20. Qd2 g5 21. h6 Nxf3 22. Qf2 Nb4 23. Rd1 Rxe4 24. Qxf3 Rd4 25. hxg7 Rxd3 26. Rxd3 Qxd3+ 27. Qxd3 Nxd3 28. Rh8+ Kxg7 29. Rxa8 a6 30. Ra7 b5 31. b3 c5 32. Rxa6 c4 33.
bxc4 bxc4 34. Rc6 1-0

[Event "*** Titled Tuesday Blitz"]
[Site "Chess.com"]
[Date "2020.02.04"]
[Round "2"]
[White "HashtagChess"]
[Black "Barcelona_Guy"]
[Result "0-1"]
[WhiteElo "1621"]
[BlackElo "2642"]
[TimeControl "180+2"]
[EndTime "13:23:30 PST"]
[Termination "Barcelona_Guy won by resignation"]

1. e4 e5 2. Nf3 d6 3. d4 exd4 4. Nxd4 Nf6 5. Nc3 Be7 6. Bc4 O-O 7. O-O Re8 8. f4 Bf8 9. Bd3 Nbd7 10. Qf3 Nc5 11.
Bd2 g6 12. f5 Bg7 13. fxg6 fxg6 14. Bg5 Rf8 15. Bc4+ Kh8 16. b4 h6 17. Bh4 g5 18.
Bxg5 hxg5 19. bxc5 Ng4 20. Qh3+ Nh6 21. Rxf8+ Qxf8 22. Qh5 Bxd4+ 23. Kh1 Bg4 24. Qg6 Qg7 25. Qxg7+ Bxg7 26. Rf1 Bxc3 27. h3 Bh5 28. g4 Bg6 29. Bd3 Kg7 30.
cxd6 cxd6 31. Rb1 b6 0-1

[Event "*** Titled Tuesday Blitz"]
[Site "Chess.com"]
[Date "2020.02.04"]
[Round "2"]
[White "Astaneh"]
[Black "Manukyan_Artak"]
[Result "1-0"]
[WhiteElo "2580"]
[BlackElo "2334"]
[TimeControl "180+2"]
[EndTime "13:23:31 PST"]
[Termination "Astaneh won by checkmate"]

1. e4 c6 2. d4 d5 3. e5 Bf5 4. h4 h5 5. Be2 e6 6. Nd2 Nd7 7.
Nf1 c5 8. c3 cxd4 9. cxd4 Bb4+ 10. Bd2 Bxd2+ 11. Qxd2 Ne7 12. Nh3 Nc6 13. Nf4 g6 14.
Ne3 Qb6 15. Nxf5 gxf5 16. Rd1 O-O-O 17. Bxh5 f6 18. exf6 Nxf6 19. Bf7 Ne4 20. Bxe6+ Kb8 21. Qe3 Rde8 22. O-O Rxh4 23. Bxf5 Reh8 24. Bh3 Qd8 25. Rfe1 Qf6 26. Nxd5 Rxh3 27. gxh3 Qg6+ 28. Kf1 Ng5 29.
Qg3+ Kc8 30. Qc7# 1-0

[Event "*** Titled Tuesday Blitz"]
[Site "Chess.com"]
[Date "2020.02.04"]
[Round "2"]
[White "Everyfishknows"]
[Black "mitrabhaa"]
[Result "0-1"]
[WhiteElo "2325"]
[BlackElo "2562"]
[TimeControl "180+2"]
[EndTime "13:23:32 PST"]
[Termination "mitrabhaa won by resignation"]

1. Nf3 d5 2. c4 c6 3. d4 Nf6 4.
Qc2 g6 5. Bf4 Bg7 6. e3 O-O 7. Nc3 a5 8. Bd3 Na6 9. a3 Be6 10. c5 b5 11. cxb6 Qxb6 12. Na4 Qb7 13. Rc1 Rfc8 14. Bxa6 Qxa6 15. Nc5 Qa7 16. Nxe6 fxe6 17.
Ng5 Qd7 18. h4 Nh5 19. Bh2 Bf6 20. g4 Ng7 21. f3 Ra6 22. O-O c5 23. dxc5 Qb5 24.
b3 Rac6 25. a4 Qb4 26. Qd3 Rxc5 27. Rxc5 Rxc5 28. Rd1 h6 29. Nh3 g5 30. hxg5 hxg5 31.
Nf2 Rc3 32. Qg6 Qxb3 33. Bg3 Qc2 34. Kg2 Qxg6 0-1

[Event "*** Titled Tuesday Blitz"]
[Site "Chess.com"]
[Date "2020.02.04"]
[Round "2"]
[White "Philosopherrr"]
[Black "MikeSailer"]
[Result "1-0"]
[WhiteElo "2439"]
[BlackElo "2119"]
[TimeControl "180+2"]
[EndTime "13:23:32 PST"]
[Termination "Philosopherrr won by resignation"]

1. Nf3 d5 2. g3 Nf6 3. Bg2 Bf5 4.
d3 e6 5. Nbd2 Be7 6. O-O O-O 7.
Re1 h6 8. c4 c6 9. b3 Nbd7 10.
Bb2 a6 11. a3 b5 12. Nd4 Qb6 13. Nxf5 exf5 14. cxd5 cxd5 15. Nf3 Rfe8 16. Nd4 g6 17. e3 Rac8 18. Rc1 Bf8 19. Rxc8 Rxc8 20. Qa1 Bg7 21. Rc1 Rxc1+ 22. Qxc1 Nc5 23. Qc2 Qd6 24. b4 Na4 25.
Qc8+ Kh7 26. Ba1 Nd7 27. Qe8 Ne5 28. f4 Nxd3 29. Qxf7 Qf6 30. Bxd5 Qxf7 31. Bxf7 Nb6 32. Kf1 Nc4 33. Ke2 Nc1+ 34. Kd1 Nd3 35. Bxc4 bxc4 36. Kd2 Kg8 37. Bc3 Nf2 38. Ne2 Ne4+ 39. Kc2 Bxc3 40. Nxc3 Nf2 41. Nd5 Kf7 42. Kc3 Ng4 43. Kxc4 Nxh2 44.
a4 Nf1 45. b5 Nxg3 46. bxa6 Ne4 47. a7 Nd6+ 48. Kc5 1-0

[Event "*** Titled Tuesday Blitz"]
[Site "Chess.com"]
[Date "2020.02.04"]
[Round "2"]
[White "RU_B9"]
[Black "Hadza_3"]
[Result "0-1"]
[WhiteElo "1774"]
[BlackElo "2398"]
[TimeControl "180+2"]
[EndTime "13:23:33 PST"]
[Termination "Hadza_3 won on time"]

1. c4 e5 2. Nc3 Nc6 3. e3 g6 4. d4 Bg7 5. Nf3 d6 6. dxe5 Nxe5 7. Nxe5 Bxe5 8. Be2 Ne7 9. O-O O-O 10. Qd2 Be6 11.
e4 Nc6 12. f4 Bd4+ 13. Kh1 f5 14. exf5 Bxf5 15. Bf3 Bg7 16. b3 Qd7 17. Bb2 Rae8 18.
Nd5 Nd8 19. Bxg7 Qxg7 20. Rae1 c6 21. Ne3 Qd7 22. Rd1 Nf7 0-1

[Event "*** Titled Tuesday Blitz"]
[Site "Chess.com"]
[Date "2020.02.04"]
[Round "2"]
[White "Sanan_Sjugirov"]
[Black "IMRosen"]
[Result "1-0"]
[WhiteElo "2827"]
[BlackElo "2554"]
[TimeControl "180+2"]
[EndTime "13:23:34 PST"]
[Termination "Sanan_Sjugirov won by resignation"]

1. e4 c5 2. Nf3 e6 3. d4 cxd4 4. Nxd4 Nc6 5. Nc3 Qc7 6. g3 a6 7.
Bg2 Nf6 8. O-O h5 9. h3 Nxd4 10.
Qxd4 Bc5 11. Qd3 d6 12. Bf4 e5 13. Bg5 Be6 14. Nd5 Nxd5 15. exd5 Bd7 16. a4 Kf8 17. Kh2 Re8 18. f4 f6 19. fxe5 dxe5 20. Qg6 Be7 21.
Bxf6 Bxf6 22. Rxf6+ gxf6 23. Qxf6+ Kg8 24. Qg6+ Kf8 25. Rf1+ Bf5 26. Rxf5+ Ke7 27. d6+ Qxd6 28. Rf7+ 1-0

[Event "*** Titled Tuesday Blitz"]
[Site "Chess.com"]
[Date "2020.02.04"]
[Round "2"]
[White "Simoncelli15"]
[Black "Keaton87"]
[Result "0-1"]
[WhiteElo "2325"]
[BlackElo "2558"]
[TimeControl "180+2"]
[EndTime "13:23:37 PST"]
[Termination "Keaton87 won by resignation"]

1. e4 c5 2. Nf3 d6 3. d4 Nf6 4. Nc3 cxd4 5. Nxd4 g6 6. Be3 Bg7 7. f3 O-O 8. Qd2 Nc6 9. O-O-O d5 10. Nxc6 bxc6 11.
Bh6 Bxh6 12. Qxh6 Rb8 13. h4 Qa5 14. e5 Nh5 15. g4 Ng3 16. Rh3 Nxf1 17. Rxf1 f6 18.
Qe3 Ba6 19. Re1 Qb4 20. Nd1 d4 21. Qb3+ Qxb3 22. axb3 c5 23. exf6 exf6 24. Re6 Bb7 25. Nf2 Rbe8 26. Rxe8 Rxe8 27. f4 Re2 28. Nd3 Be4 29.
Kd1 Rg2 30. g5 Bf5 31. Rh1 Kf7 32. Nxc5 Bxc2+ 33. Ke1 d3 34. Ne4 Re2+ 35. Kf1 Rxe4 0-1

[Event "*** Titled Tuesday Blitz"]
[Site "Chess.com"]
[Date "2020.02.04"]
[Round "2"]
[White "2165149677570"]
[Black "PchelkinVK"]
[Result "0-1"]
[WhiteElo "2301"]
[BlackElo "2520"]
[TimeControl "180+2"]
[EndTime "13:23:38 PST"]
[Termination "PchelkinVK won by resignation"]

1. e4 e6 2. d4 d5 3. Nd2 c5 4.
exd5 Qxd5 5. Ngf3 cxd4 6. Bc4 Qd6 7. O-O Nf6 8. Nb3 Nc6 9. Nbxd4 Nxd4 10. Nxd4 Bd7 11.
c3 Qc7 12. Bb3 O-O-O 13. Qf3 e5 14. Nc2 h5 15. Bg5 e4 16. Qg3 Bd6 17. Qh4 Rdf8 18. Nb4 Be6 19. Bxe6+ fxe6 20. Nc2 Nh7 21. Nd4 Bxh2+ 22.
Kh1 Qe5 23. Be7 Bf4 24. Bxf8 Nxf8 25. Rae1 g5 26. Qh3 g4 27. Qh4 Ng6 0-1

[Event "*** Titled Tuesday Blitz"]
[Site "Chess.com"]
[Date "2020.02.04"]
[Round "2"]
[White "Shant_Sargsyan"]
[Black "DonPreuss"]
[Result "1-0"]
[WhiteElo "2986"]
[BlackElo "2211"]
[TimeControl "180+2"]
[EndTime "13:23:46 PST"]
[Termination "Shant_Sargsyan won by resignation"]

1. Nf3 Nc6 2. d4 d6 3. e4 e5 4. Nc3 exd4 5. Nxd4 Nge7 6. Be3 Nxd4 7. Qxd4 Nc6 8. Bb5 Bd7 9. Bxc6 Bxc6 10. O-O-O Qf6 11.
Qxf6 gxf6 12. f3 O-O-O 13. Nd5 Bg7 14. Ne7+ Kd7 15. Nf5 Rhg8 16. g4 a6 17. c4 Ke8 18.
Bd4 Ra8 19. h4 Bd7 20. Nxg7+ Rxg7 21. Bxf6 Rg8 22. g5 Be6 23. b3 a5 24. f4 a4 25. f5 Bd7 26. Kb2 Bc6 27. Rhe1 axb3 28. axb3 Kd7 29. e5 Rge8 30. h5 Ra5 31. exd6 cxd6 32.
Rxe8 Kxe8 33. Re1+ Kd7 34. Re7+ Kc8 35. Rxf7 Rxf5 36. Rxh7 Rf2+ 37. Ka3 Be4 38. Rh8+ Kd7 39. h6 Rf3 40. Kb2 Rf2+ 41. Kc3 Rf3+ 42. Kd4 Bg6 43. c5 Rxb3 44. Rd8+ Kc7 45. cxd6+ Kc6 46. Be7 Rf3 47. Rg8 Bf5 48. Rf8 Rd3+ 49. Ke5 Bh7 50. Rc8+ Kd7 51. Rc7+ Ke8 52. Bf6 Re3+ 53. Kf4 Re4+ 54. Kf3 Bg6 55. h7 Rh4 1-0

[Event "*** Titled Tuesday Blitz"]
[Site "Chess.com"]
[Date "2020.02.04"]
[Round "2"]
[White "VeraNebolsina"]
[Black "GMHess"]
[Result "0-1"]
[WhiteElo "2378"]
[BlackElo "2744"]
[TimeControl "180+2"]
[EndTime "13:23:48 PST"]
[Termination "GMHess won by resignation"]

1. e4 g6 2. d4 Bg7 3. Nc3 c6 4.
Nf3 d6 5. Bd3 Nd7 6. O-O e5 7. Be3 Ngf6 8. h3 Qe7 9. Re1 O-O 10.
Qd2 b5 11. a3 Bb7 12. Rad1 a6 13. Bf1 Rfd8 14. d5 cxd5 15. exd5 Rac8 16. Bh6 Bxh6 17. Qxh6 Nb6 18. Ng5 Qf8 19. Qh4 Qg7 20. Nge4 Nxe4 21.
Nxe4 f5 22. Ng5 Qe7 23. f4 e4 24. Qf2 Nxd5 25. c4 bxc4 26. Rd4 c3 27. Bc4 Rxc4 28. Rxc4 cxb2 29. Qxb2 Nxf4 30. Qb3 Bd5 0-1

[Event "*** Titled Tuesday Blitz"]
[Site "Chess.com"]
[Date "2020.02.04"]
[Round "2"]
[White "HanSchut"]
[Black "bazar-wokzal"]
[Result "0-1"]
[WhiteElo "2319"]
[BlackElo "2538"]
[TimeControl "180+2"]
[EndTime "13:23:49 PST"]
[Termination "bazar-wokzal won by resignation"]

1. e4 c5 2. Nf3 d6 3. d4 cxd4 4.
Nxd4 Nf6 5. f3 g6 6. c4 Bg7 7.
Be3 O-O 8. Qd2 b6 9. Nc3 Bb7 10. Rc1 Nc6 11. Be2 Qb8 12. O-O Rd8 13. Rfd1 Rd7 14.
Nxc6 Bxc6 15. b4 Qf8 16. Rc2 Rad8 17. a4 e6 18. Ra2 d5 19. cxd5 exd5 20. e5 Ne8 21.
Bd4 Qxb4 22. f4 Nc7 23. a5 Ne6 24. axb6 axb6 25. Nb5 Qxd2 26. Rdxd2 Nxf4 27. Na7 Ba8 28. Bxb6 Rb8 29. Bd4 Ne6 30. Nb5 Nxd4 31. Nxd4 Bxe5 32. Nf3 Bf4 33. Rdb2 Rxb2 34. Rxb2 d4 35. Bd3 Be3+ 36. Kf1 Bxf3 37. gxf3 Kg7 38. Ke2 Kf6 39. Rb6+ Kg5 40. Rb5+ Kh4 41. Be4 Kh3 42. Kd3 Kxh2 43. Rb1 f5 44. Ba8 Ra7 45. f4 Rxa8 0-1

[Event "*** Titled Tuesday Blitz"]
[Site "Chess.com"]
[Date "2020.02.04"]
[Round "2"]
[White "sergeikim"]
[Black "pawnwonder"]
[Result "0-1"]
[WhiteElo "2414"]
[BlackElo "2117"]
[TimeControl "180+2"]
[EndTime "13:23:50 PST"]
[Termination "pawnwonder won by resignation"]

1. d4 Nf6 2. c4 g6 3. Nc3 Bg7 4. e4 d6 5. Nge2 O-O 6. Ng3 c5 7. d5 e6 8. Be2 exd5 9. cxd5 h5 10. Bg5 Qb6 11. Qd2 Nbd7 12. O-O Ne5 13. Kh1 c4 14. f4 Neg4 15. h3 Nh7 16. hxg4 Nxg5 17. fxg5 hxg4 18. Rf6 Kh7 19. Qf4 Bxf6 20. gxf6 Rh8 21.
Nf1 Kg8+ 22. Nh2 Qxb2 23. Rc1 g3 24. Nd1 Rxh2+ 25. Kg1 Qd4+ 26. Qe3 Qxe3+ 27. Nxe3 b5 28. a4 a6 29. Bg4 Bxg4 30. Nxg4 Rh4 31. Ne3 Rxe4 32.
Nf1 Rae8 33. Rc3 Re1 34. Rxg3 b4 35. Rf3 c3 36. Kh2 c2 0-1

[Event "*** Titled Tuesday Blitz"]
[Site "Chess.com"]
[Date "2020.02.04"]
[Round "2"]
[White "SONOFHOLYGOD"]
[Black "comsac"]
[Result "1-0"]
[WhiteElo "2612"]
[BlackElo "2350"]
[TimeControl "180+2"]
[EndTime "13:23:51 PST"]
[Termination "SONOFHOLYGOD won by resignation"]

1. d4 d5 2. c4 e6 3. cxd5 exd5 4. Nc3 Nf6 5. Bg5 Be7 6. e3 O-O 7. Bd3 c6 8. Nge2 Nbd7 9. Qc2 Re8 10. O-O h6 11. Bh4 Nf8 12. f3 b6 13. Rad1 Be6 14. Kh1 a6 15. Bf2 c5 16. dxc5 bxc5 17. Nf4 Qb6 18.
Na4 Qb4 19. a3 Qa5 20. e4 c4 21. Be2 dxe4 22. Nxe6 Nxe6 23. Nb6 Rab8 24. Nxc4 Qc7 25. fxe4 Rec8 26. Bg3 Qc6 27. Bxb8 Rxb8 28. e5 Nd5 29. Bf3 Nec7 30. Qd3 Rd8 31. Nd6 Bxd6 32. Bxd5 Nxd5 33. Qxd5 Qxd5 34. Rxd5 Be7 35. Rxd8+ Bxd8 36. Rd1 Bc7 37. Rd5 Kf8 38. b4 Ke7 39. Rc5 Bb8 40. Rc6 Bxe5 41.
Rxa6 f5 42. Kg1 Kd7 43. Kf2 Kc7 44. g3 Kb7 45. b5 h5 46. h4 f4 47. gxf4 Bxf4 48. Kf3 Be5 49. a4 Bc3 50. Rg6 Kc7 51. Kf4 Bd4 52. Kg5 1-0

[Event "*** Titled Tuesday Blitz"]
[Site "Chess.com"]
[Date "2020.02.04"]
[Round "2"]
[White "Fy_Rakotomaharo"]
[Black "MisiekZielony"]
[Result "1-0"]
[WhiteElo "2573"]
[BlackElo "2333"]
[TimeControl "180+2"]
[EndTime "13:23:52 PST"]
[Termination "Fy_Rakotomaharo won on time"]

1. e4 Nf6 2. e5 Nd5 3. d4 d6 4. c4 Nb6 5. exd6 exd6 6. Nc3 Be7 7.
Bd3 O-O 8. Nge2 Nc6 9. O-O Bf6 10.
b3 Bg4 11. Be3 Re8 12. Qd2 Bh5 13. Nf4 Bg6 14. Bxg6 hxg6 15. Ncd5 Nxd5 16. Nxd5 Ne7 17. Nxf6+ gxf6 18. f3 Nf5 19. Bf2 Kg7 20. g4 Ne7 21. d5 c5 22. dxc6 Nxc6 23. Rad1 Re6 24. Bg3 Qb6+ 25. Kg2 Rd8 26. Rfe1 Ne5 27. Qd5 Qc6 28.
h3 a6 29. f4 Nd7 30. Rxe6 fxe6 31. Qxc6 bxc6 32. Rxd6 c5 33. Rxe6 Kf7 34. Rxa6 Nf8 35. Bf2 Rd2 36. Kf1 Ne6 37. Be3 Rh2 38. f5 gxf5 39. gxf5 Ng7 40. Ra7+ Kg8 41. Bxc5 Nxf5 42. a4 1-0

[Event "*** Titled Tuesday Blitz"]
[Site "Chess.com"]
[Date "2020.02.04"]
[Round "2"]
[White "Rud_Makarian"]
[Black "vugarrasulov"]
[Result "1-0"]
[WhiteElo "2626"]
[BlackElo "2909"]
[TimeControl "180+2"]
[EndTime "13:23:57 PST"]
[Termination "Rud_Makarian won by resignation"]

1. d4 Nf6 2. c4 e6 3. g3 c5 4. d5 exd5 5. cxd5 d6 6. Bg2 g6 7. Nc3 Bg7 8. Nf3 O-O 9. O-O Re8 10. Nd2 a6 11. a4 Nbd7 12. h3 Rb8 13. Nc4 Nb6 14.
Na3 Bd7 15. a5 Nc8 16. Nc4 Bb5 17. Qb3 Bxc4 18. Qxc4 Nd7 19. e4 Ne5 20. Qe2 c4 21.
Ra4 Na7 22. Be3 Nb5 23. f4 Nd3 24. Rxc4 Nc5 25. Bxc5 dxc5 26. e5 Nd4 27. Qd3 Qxa5 28. Ne4 Nf5 29. Rxc5 Qb6 30. Kh2 Rbc8 31. Rfc1 Rxc5 32.
Rxc5 h5 33. d6 Rd8 34. Rc7 Qxb2 35. Rxb7 Qa2 36. Ng5 h4 37. gxh4 Nxh4 38. Qd5 Qxg2+ 39. Qxg2 Nxg2 40. Kxg2 Rf8 41. e6 Bf6 42. Nxf7 1-0

[Event "*** Titled Tuesday Blitz"]
[Site "Chess.com"]
[Date "2020.02.04"]
[Round "2"]
[White "GoingKronos"]
[Black "Lovkov_Roman"]
[Result "0-1"]
[WhiteElo "2418"]
[BlackElo "2714"]
[TimeControl "180+2"]
[EndTime "13:23:57 PST"]
[Termination "Lovkov_Roman won by resignation"]

1. d4 d5 2. Nf3 e6 3. c4 c5 4. cxd5 exd5 5. g3 Nc6 6. Bg2 Nf6 7. O-O cxd4 8. Nxd4 Be7 9. Nc3 O-O 10. Be3 Be6 11. Rc1 Qd7 12. Na4 Bh3 13. Nxc6 bxc6 14. Nc5 Bxc5 15.
Bxc5 Rfe8 16. Qd3 Bxg2 17. Kxg2 Ne4 18. Be3 Re6 19. f3 Nd6 20. Bd4 Rae8 21. Rfe1 h5 22. b3 Rg6 23. Bf2 f5 24. Rc2 h4 25. Rec1 hxg3 26. hxg3 Nf7 27. Qd4 Re7 28. Qf4 Rh6 29. Bc5 g5 30. Qd4 Re8 31. Bxa7 f4 32. g4 Ne5 33. Rh1 Rxh1 34. Kxh1 Qh7+ 35. Kg2 Qxc2 0-1

[Event "*** Titled Tuesday Blitz"]
[Site "Chess.com"]
[Date "2020.02.04"]
[Round "2"]
[White "guillembaches"]
[Black "SuperCheese"]
[Result "0-1"]
[WhiteElo "2372"]
[BlackElo "2694"]
[TimeControl "180+2"]
[EndTime "13:23:59 PST"]
[Termination "SuperCheese won by resignation"]

1. e4 e5 2. Nf3 Nc6 3. Nc3 Nf6 4.
d4 exd4 5. Nxd4 Bb4 6. Nxc6 bxc6 7. Bd3 O-O 8. O-O d6 9. Bg5 h6 10.
Bh4 Rb8 11. f4 Qe7 12. Kh1 Qe6 13. Qf3 Qg4 14. Bxf6 Qxf3 15. Rxf3 gxf6 16. Ne2 Kh8 17. b3 Bg4 18. Rg3 Rg8 19. h3 Bxe2 20. Rxg8+ Kxg8 21.
Bxe2 Re8 22. Bf3 c5 23. Rd1 Kg7 24. g4 Bc3 25. Kg2 a5 26. a4 Rb8 27. Be2 Re8 28. Kf3 Rb8 29. Bc4 Rb4 30. Rd3 Bb2 31. Rd5 Rb8 32.
h4 Re8 33. h5 Bd4 34. Bf1 Re7 35. Bg2 Re8 36. Ke2 Rb8 37. Kd3 Rb6 38. c3 Rxb3 39.
Rxd4 cxd4 40. Kxd4 Ra3 0-1

[Event "*** Titled Tuesday Blitz"]
[Site "Chess.com"]
[Date "2020.02.04"]
[Round "2"]
[White "ChainsOfFantasia"]
[Black "Ceejay271"]
[Result "1/2-1/2"]
[WhiteElo "2499"]
[BlackElo "2289"]
[TimeControl "180+2"]
[EndTime "13:23:59 PST"]
[Termination "Game drawn - insufficient material"]

1. d4 Nf6 2. Nf3 d5 3. c4 e6 4. g3 Be7 5. Bg2 O-O 6. O-O dxc4 7. Ne5 c5 8. dxc5 Qc7 9. Nxc4 Qxc5 10. Qb3 Nc6 11.
Be3 Qh5 12. f3 e5 13. Nc3 Rb8 14. Nd2 Be6 15. Qa4 a6 16. Nde4 Nxe4 17. Nxe4 b5 18. Qxa6 Nd4 19. Bxd4 exd4 20. Qa7 Rfe8 21. Qxd4 f5 22. Nf2 Bf6 23. Qb4 Bc4 24. Rfe1 Bxe2 25. Nh3 Bxf3 26. Qb3+ Qf7 27. Bxf3 Qxb3 28. axb3 Bxb2 29.
Rab1 Bc3 30. Rxe8+ Rxe8 31. Kf2 b4 32. Rd1 h6 33.
Nf4 g5 34. Nd5 Kg7 35. Nxc3 bxc3 36. Rc1 Rc8 37. Bd5 Kf6 38. Bc4 f4 39. Rxc3 fxg3+ 40. hxg3 h5 41. b4 h4 42. gxh4 gxh4 43. b5 Ke5 44.
Ke3 h3 45. Rc2 h2 46. Rxh2 Rxc4 47. Kd3 Rb4 48. Kc3 Rb1 49. Kc4 Kd6 50. Rh7 Rb2 51.
Rb7 Rb1 52. Kc3 Kc5 53. Rc7+ Kb6 54. Rg7 Rxb5 55. Rg6+ Ka5 56. Rf6 Rb6 57. Rxb6 Kxb6 1/2-1/2

[Event "*** Titled Tuesday Blitz"]
[Site "Chess.com"]
[Date "2020.02.04"]
[Round "2"]
[White "Hrant_ChessMood"]
[Black "kosya4ok"]
[Result "1-0"]
[WhiteElo "2907"]
[BlackElo "2600"]
[TimeControl "180+2"]
[EndTime "13:24:00 PST"]
[Termination "Hrant_ChessMood won by resignation"]

1. d4 Nf6 2. c4 e6 3. Nc3 Bb4 4. f3 c5 5. d5 d6 6. e4 b5 7. Bd2 a6 8. a3 Ba5 9. Nge2 bxc4 10. Nf4 g5 11. dxe6 gxf4 12. exf7+ Kxf7 13. Bxc4+ Kg7 14. Bxf4 d5 15. exd5 Re8+ 16. Kf2 Bxc3 17. bxc3 Nh5 18. Qd2 Qf6 19. Bg5 Qd6 20. Rae1 Bd7 21. Rxe8 Bxe8 22. Re1 Nd7 23. Re7+ Kg8 24. Kg1 Nhf6 25. Re6 Qf8 26.
Bxf6 Nxf6 27. Qg5+ Bg6 28. Rxf6 Qe7 29. d6+ 1-0

[Event "*** Titled Tuesday Blitz"]
[Site "Chess.com"]
[Date "2020.02.04"]
[Round "2"]
[White "MITerryble"]
[Black "johnathan113"]
[Result "1/2-1/2"]
[WhiteElo "2943"]
[BlackElo "2621"]
[TimeControl "180+2"]
[EndTime "13:24:01 PST"]
[Termination "Game drawn by agreement"]

1. d4 Nf6 2. Bg5 Ne4 3. Bf4 c5 4. f3 Nf6 5. dxc5 Nc6 6. Qd2 b6 7. cxb6 Qxb6 8. c4 g6 9. Nc3 Bg7 10. e4 O-O 11. Be3 Qb4 12. Rc1 e6 13. b3 Bb7 14. Nb5 Qxd2+ 15. Bxd2 a5 16. Nd6 Ba6 17. Ne2 Nb4 18. Nc3 Ne8 19. Nxe8 Rfxe8 20. a3 Nc6 21. Nb5 Bxb5 22. cxb5 Nd4 23. Rc7 d5 24. b6 Be5 25. Rd7 Nxb3 26. b7 Ra7 27. Bb5 Rb8 28.
exd5 Raxb7 29. Rxb7 Rxb7 30. Bc6 Rc7 31. Be3 Nd4 32.
Bxd4 Bxd4 33. Kd2 exd5 34. Bxd5 Rc3 35. a4 Bf6 36. Rb1 Rc5 37. Ba2 Bc3+ 38. Kd3 Bb4 39. Bc4 Rc8 40. Rb2 Rd8+ 41. Ke4 Rd2 42. Rxd2 Bxd2 43. Ke5 Kg7 44. Kd6 Kf6 45. Kd7 h5 46. Ke8 Bf4 47. g3 Be3 48. Bxf7 Bg1 49. h3 Bf2 50. g4 hxg4 51. hxg4 g5 52. Bc4 Ke5 53. Kf7 Kf4 54. Bd5 Be1 55. Be4 Bb4 56. Ke6 Be1 57.
Kd5 Bb4 58. Kc6 Be1 1/2-1/2

[Event "*** Titled Tuesday Blitz"]
[Site "Chess.com"]
[Date "2020.02.04"]
[Round "2"]
[White "colegiodemadrid"]
[Black "Gentlejimmy7"]
[Result "0-1"]
[WhiteElo "2367"]
[BlackElo "2660"]
[TimeControl "180+2"]
[EndTime "13:24:04 PST"]
[Termination "Gentlejimmy7 won by resignation"]

1. e4 e5 2. Nf3 Nc6 3. Bc4 Bc5 4.
b4 Bxb4 5. c3 Bd6 6. d4 Nf6 7.
Bd3 O-O 8. O-O Re8 9. Re1 h6 10. Na3 Bf8 11. Nc4 d6 12. a4 Bg4 13. d5 Ne7 14. Rb1 b6 15. Ne3 Bh5 16. a5 Ng6 17. Nf5 Bg4 18. Bb5 Nxe4 19. Nxh6+ gxh6 20. Rxe4 Bf5 21. Ra4 Bxb1 22. Be3 Bf5 23. Nh4 Bd7 24. Bxd7 Qxd7 25. Rg4 Kh7 26. h3 Bg7 27. Qd3 e4 28. Qe2 Nxh4 29. Rxh4 Qf5 30. Rf4 Qg6 31. Rg4 Qf5 32.
Rf4 Qd7 33. Qh5 Re5 34. Qh4 Rxd5 35. Rg4 f5 36. Rg3 Rg8 37. Qh5 f4 38. Qg6+ Kh8 39.
Bxf4 Qf5 0-1

[Event "*** Titled Tuesday Blitz"]
[Site "Chess.com"]
[Date "2020.02.04"]
[Round "2"]
[White "stoleriu"]
[Black "Sjakkerntobi"]
[Result "1-0"]
[WhiteElo "2501"]
[BlackElo "2266"]
[TimeControl "180+2"]
[EndTime "13:24:05 PST"]
[Termination "stoleriu won by resignation"]

1. e4 c5 2. Nc3 e6 3. Nf3 Nc6 4. d4 cxd4 5. Nxd4 Qc7 6. Qd3 Nf6 7. Ndb5 Qb8 8. Qg3 d6 9. Be3 a6 10. Nd4 e5 11. Nxc6 bxc6 12. O-O-O Be6 13. Be2 d5 14. exd5 cxd5 15. Bg5 d4 16. Bxf6 gxf6 17. Ne4 Bh6+ 18. Kb1 f5 19. Nc5 Qd6 20. Nxe6 Qxe6 21. Rhe1 Bf4 22. Qa3 Qe7 23. Qa4+ Kf8 24. g3 Bh6 25. Bc4 Bg7 26. Rxd4 exd4 27. Rxe7 Kxe7 28. Qb4+ Kf6 29. Qd6+ Kg5 30. h4+ Kg4 31. Be2+ Kh3 32. Bf1+ Kh2 33. Qd5 1-0

[Event "*** Titled Tuesday Blitz"]
[Site "Chess.com"]
[Date "2020.02.04"]
[Round "2"]
[White "King_of_the_wing"]
[Black "victormago"]
[Result "0-1"]
[WhiteElo "2040"]
[BlackElo "2425"]
[TimeControl "180+2"]
[EndTime "13:24:06 PST"]
[Termination "victormago won by resignation"]

1. e4 c5 2. Nf3 d6 3. d4 cxd4 4. Nxd4 Nf6 5. Nc3 a6 6. Bg5 e6 7. f4 h6 8. Bxf6 Qxf6 9. Qd2 Nc6 10. Nxc6 bxc6 11. O-O-O Qd8 12. Bc4 Be7 13. Kb1 Rb8 14.
Bb3 d5 15. f5 O-O 16. g4 exf5 17. exd5 cxd5 18. Qxd5 fxg4 19. Qe5 Bd7 20. Nd5 Bg5 21. Nc7 Qc8 22. Nxa6 Qxa6 23. Rxd7 Qf6 24. Qd5 Rbd8 25. Rd1 Rxd7 26. Qxd7 h5 27. a4 Qe5 28. Rf1 Bf6 29. c3 Qxh2 30. a5 Qe2 31. Rxf6 gxf6 32. a6 Qf1+ 33. Ka2 Qxa6+ 34. Kb1 Kg7 35. Qf5 Rh8 36. Qd5 Qf1+ 37. Bd1 Qf4 38. c4 Qg5 39. Qd3 g3 0-1

[Event "*** Titled Tuesday Blitz"]
[Site "Chess.com"]
[Date "2020.02.04"]
[Round "2"]
[White "GianmarcoVaR"]
[Black "OparinGrigoriy"]
[Result "0-1"]
[WhiteElo "2631"]
[BlackElo "3034"]
[TimeControl "180+2"]
[EndTime "13:24:07 PST"]
[Termination "OparinGrigoriy won by resignation"]

1. Nf3 Nf6 2. d4 e6 3. c4 d5 4.
g3 dxc4 5. Bg2 a6 6. O-O Nc6 7. e3 Bd7 8. Qe2 Bd6 9. Qxc4 O-O 10. Rd1 Qe7 11. Qe2 h6 12. Nc3 Rad8 13. h3 e5 14. d5 Na7 15. e4 Nb5 16. Nxb5 Bxb5 17. Qc2 Bd7 18. Be3 c6 19. dxc6 Bxc6 20. Nd2 Qe6 21. Nc4 Be7 22. Nb6 h5 23. Bg5 Rxd1+ 24.
Rxd1 Qxa2 25. Bxf6 Bxf6 26. Nd7 Bxd7 27. Rxd7 h4 28.
Rxb7 hxg3 29. fxg3 Qa1+ 30. Kh2 Qe1 31. h4 a5 32. Rd7 g6 33. Rd1 Qb4 34. Bf1 Kg7 35.
Bc4 Rc8 36. b3 Rc7 37. Qd2 Qc5 38. Bd5 Qd4 39. Kh3 Rc3 40. Qxd4 exd4 41. Rf1 d3 42. e5 Bxe5 43. Rxf7+ Kh6 44. Rd7 d2 45. Bg8 Rxg3+ 46. Kh2 Rd3+ 47. Kg2 Rxd7 48. Bd5 Rxd5 0-1

[Event "*** Titled Tuesday Blitz"]
[Site "Chess.com"]
[Date "2020.02.04"]
[Round "2"]
[White "XiaoKangZhong"]
[Black "korbul"]
[Result "1/2-1/2"]
[WhiteElo "2345"]
[BlackElo "2568"]
[TimeControl "180+2"]
[EndTime "13:24:09 PST"]
[Termination "Game drawn by repetition"]

1. e4 c5 2. c3 d5 3. exd5 Nf6 4. d4 cxd4 5. Qxd4 Qxd5 6. Qxd5 Nxd5 7. Bc4 Nb6 8. Bb5+ Bd7 9. Bxd7+ N8xd7 10. b3 e5 11. c4 Bb4+ 12. Bd2 Bxd2+ 13. Nxd2 Nc5 14. Ke2 Ne6 15. Ngf3 f6 16. g3 Kf7 17. Rhd1 Rhd8 18.
Ne4 Ke7 19. a4 h6 20. a5 Nd7 21. b4 f5 22. Nd6 g6 23. Nxb7 Rdb8 24. a6 e4 25. Nd4 Ne5 26. c5 Nc7 27. b5 Nd3 28. Nc6+ Ke6 29. Nxb8 Rxb8 30. Rdb1 Nd5 31.
b6 Nc3+ 32. Ke3 g5 33. bxa7 Ra8 34. Rb3 Nd5+ 35. Kd4 Ne7 36. Rb6+ Kd7 37. Rd6+ Kc7 38. Rxh6 Nc6+ 39. Kc4 Nde5+ 40. Kb5 Nd4+ 41. Ka4 Rxa7 42. Rh7+ Kb8 43. Ka5 Nc4+ 44. Kb4 Ne5 45. Rh8+ Kc7 46. Nd8 Nc2+ 47. Kc3 Nxa1 48. Rh7+ Kb8 49. Rxa7 Kxa7 50. h4 gxh4 51. gxh4 Kxa6 52. h5 Kb5 53. c6 Kb6 54.
Kb2 f4 55. Kxa1 e3 56. fxe3 f3 57. c7 Kxc7 58. Ne6+ Kd6 59. Ng7 f2 60. Nf5+ Kd5 61. Ng3 Kc4 62. Kb2 Kd3 63. Kc1 Kxe3 64. Kd1 Kf3 65.
Nf1 Ng4 66. Nd2+ Ke3 67. Nf1+ Kd3 68. Nd2 Ne3+ 69. Kc1 Nf5 70. Nf1 Ke2 71. Nd2 Nh6 72. Kc2 Ng4 73. Kc1 Nh6 74. Kc2 Ng4 75. Kc1 Nh6 1/2-1/2